 Dungeon Crawl Stone Soup version 0.31.0-11-ge490571c62 (webtiles) character file.

Game seed: 11023386413262363920

97 qw the Shooter (level 4, -2/25 HPs)
             Began as a Deep Elf Hunter on Feb 3, 2024.
             Slain by an orc
             ... wielding a +0 mace
              (3 damage)
             ... on level 3 of the Dungeon.
             The game lasted 00:00:05 (1621 turns).

qw the Shooter (Deep Elf Hunter)                    Turns: 1621, Time: 00:00:06

Health: -2/25      AC:  6    Str: 10    XL:     4   Next: 42%
Magic:  0/6        EV:  9    Int: 14    God:
Gold:   82         SH:  0    Dex: 18    Spells: 3/3 levels left

rFire   . . .        a - +0 shortbow
rCold   . . .        (shield currently unavailable)
rNeg    . . .        h - +0 scale mail
rPois   .            (no helmet)
rElec   .            (no cloak)
rCorr   .            (no gloves)
SInv    .            (no boots)
Will    .....        d - amulet of guardian spirit
Stlth   +            (no ring)
HPRegen 0.24/turn    (no ring)
MPRegen 0.10/turn

%: guardian spirit
@: no status effects
A: no striking features
a: no special abilities


You were on level 3 of the Dungeon.
You visited 1 branch of the dungeon, and saw 3 of its levels.

You collected 82 gold pieces.


   Skills:
 - Level 1.5 Fighting
 + Level 7.8 Ranged Weapons
 - Level 2.4 Dodging
 - Level 1.2 Stealth


You had 3 spell levels left.
You didn't know any spells.
Your spell library was empty.

Inventory:

Hand Weapons
 a - a +0 shortbow (weapon)
Armour
 h - a +0 scale mail (worn)
Jewellery
 d - an amulet of guardian spirit (around neck)
Wands
 b - a wand of charming (9)
Scrolls
 c - a scroll of blinking {unknown}
 e - a scroll of identify

Dungeon Overview and Level Annotations

Branches:
Dungeon (3/15)

Altars:


Message History

You shoot an arrow. The arrow hits the orc wizard.
The orc wizard is moderately wounded.
You shoot an arrow. The arrow barely misses the orc wizard.
The orc wizard points at you and mumbles some strange words.
You are confused.
The orc hits you with a +0 mace.
The orc wizard casts a spell.
The orc wizard flickers and vanishes!
Deactivating autopickup; reactivate with Ctrl-A.
1615 ||| DRINKING potion of curing.
You feel better.
1615 ||| (to cure confusion)
You hear some strange, mumbled words.
A puff of flame appears from out of thin air!
The puff of flame hits you. The orc hits you with a +0 mace!
You shoot an arrow. The arrow closely misses the orc.
The orc hits you but does no damage. Something hits you but does no damage.
The orc hits you but does no damage.
You shoot an arrow. The arrow hits the orc.
The orc is almost dead.
The orc hits you with a +0 dagger. Something hits you but does no damage.
The orc hits you with a +0 mace.
You shoot an arrow. The arrow closely misses the orc.
The orc closely misses you. Something hits you but does no damage.
The orc hits you with a +0 mace. Something hits you but does no damage.
The orc closely misses you. x2
You shoot an arrow.
The arrow hits the orc but does no damage.
The orc is almost dead.
The orc hits you but does no damage. Something hits you but does no damage.
The orc hits you with a +0 mace!
You shoot an arrow.
The arrow hits the orc but does no damage.
The orc is severely wounded.
The orc closely misses you. Something hits you but does no damage.
The orc hits you but does no damage.
You shoot an arrow. The arrow completely misses the orc.
The orc hits you with a +0 dagger. Something hits you but does no damage.
The orc hits you but does no damage. x2; Something hits you but does no damage.
The orc hits you with a +0 mace.
You die...

#.# #.# #.# #.#
###.############
#...............
######...............
#...........########.
#..o@.......# #.
#..o{.......###### #.
#................# #.
#................# #.
#..).............###.
.....................
..................###.
....####...............
################


You could see 2 orcs.

Vanquished Creatures
  An orc priest (D:3)
  2 adders (D:2)
  A ribbon worm (D:2)
  An orc (D:2)
  8 endoplasms
  2 giant cockroaches
  4 goblins
  4 hobgoblins
  2 jackals (D:2)
  2 quokkas (D:2)
  4 ball pythons
  5 bats
  A frilled lizard (D:3)
  4 kobolds
  3 rats
44 creatures vanquished.

Notes
Turn   | Place    | Note
-------+----------+-------------------------------------------
     0 | D:1      | qw the Deep Elf Hunter began the quest for the Orb.
     0 | D:1      | Reached XP level 1. HP: 12/12 MP: 3/3
     0 | D:1      | 0 ||| qw: Version: 0.3-a-157-g843a77d
     0 | D:1      | 0 ||| qw: Game counter: 4015
     0 | D:1      | 0 ||| qw: Melee chars always use a shield: true
     0 | D:1      | 0 ||| qw: God list: Okawaru
     0 | D:1      | 0 ||| qw: Allow faded altars: false
     0 | D:1      | 0 ||| qw: Do Orc after clearing Dungeon:15 true
     0 | D:1      | 0 ||| qw: Do second Lair branch before Depths: true
     0 | D:1      | 0 ||| qw: Lair rune preference: random
     0 | D:1      | 0 ||| qw: Goals: Normal
     0 | D:1      | 0 ||| PLANNING D:1-11
   327 | D:1      | Reached skill level 6 in Ranged Weapons
   327 | D:1      | Reached XP level 2. HP: 16/16 MP: 4/4
   605 | D:1      | 605 ||| UPGRADING to amulet of guardian spirit.
   610 | D:1      | 610 ||| READING 2 scrolls labelled CAERGH JORYCSE.
   610 | D:1      | 610 ||| IDENTIFYING grey potion
   611 | D:1      | 611 ||| READING scroll of identify.
   611 | D:1      | 611 ||| IDENTIFYING fizzy pink potion
   612 | D:1      | 612 ||| DROPPING scroll of butterflies.
   613 | D:1      | 613 ||| DROPPING potion of berserk rage.
   614 | D:1      | 614 ||| DROPPING potion of magic.
   844 | D:2      | HP: 4/16 [goblin/+0 mace (2)]
   845 | D:2      | HP: 1/16 [goblin/+0 mace (3)]
   863 | D:2      | 863 ||| FLEEEEING.
   864 | D:2      | 864 ||| FLEEEEING.
   865 | D:2      | 865 ||| FLEEEEING.
   896 | D:2      | 896 ||| FLEEEEING.
   897 | D:2      | 897 ||| FLEEEEING.
   898 | D:2      | 898 ||| FLEEEEING.
   899 | D:2      | 899 ||| FLEEEEING.
   900 | D:2      | 900 ||| FLEEEEING.
   901 | D:2      | 901 ||| FLEEEEING.
   902 | D:2      | 902 ||| FLEEEEING.
   903 | D:2      | 903 ||| FLEEEEING.
   904 | D:2      | 904 ||| FLEEEEING.
   905 | D:2      | 905 ||| FLEEEEING.
   906 | D:2      | 906 ||| FLEEEEING.
   951 | D:2      | Reached XP level 3. HP: 20/20 MP: 5/5
   953 | D:2      | Found a faded altar of an unknown god.
  1061 | D:2      | Reached skill level 7 in Ranged Weapons
  1469 | D:2      | 1469 ||| UPGRADING to +0 scale mail.
  1479 | D:2      | 1479 ||| DROPPING +0 leather armour.
  1480 | D:2      | 1480 ||| READING 3 scrolls of identify.
  1480 | D:2      | 1480 ||| IDENTIFYING blue potion
  1481 | D:2      | 1481 ||| READING 2 scrolls of identify.
  1481 | D:2      | 1481 ||| IDENTIFYING scroll labelled FASKAUMAEM
  1482 | D:2      | 1482 ||| READING scroll of identify.
  1482 | D:2      | 1482 ||| IDENTIFYING scroll labelled GAB HAKINUL
  1483 | D:2      | 1483 ||| READING scroll labelled KOH ZI NUEVU.
  1513 | D:2      | 1513 ||| DROPPING scroll of summoning.
  1514 | D:2      | 1514 ||| DROPPING scroll of immolation.
  1590 | D:3      | Reached XP level 4. HP: 25/25 MP: 6/6
  1615 | D:3      | 1615 ||| DRINKING potion of curing.
  1615 | D:3      | 1615 ||| (to cure confusion)
  1619 | D:3      | HP: 2/25 [orc/+0 mace (6)]
  1621 | D:3      | Slain by an orc

Levels and vault maps discovered:
D:1:      dpeg_arrival_three_same_balls, layout_loops_ring
D:2:      layout_basic, ebering_ecumenical_altar_webs
D:3:      layout_basic, lemuel_coloured_pillars_altar, dreamdust_wishing_well,
          grunt_ministairs_10, uniq_ijyb, uniq_robin

Skill      XL: |  1  2  3 |
---------------+----------+-----
Ranged Weapons | 6 7 |  7.8
Fighting       | |  1.5
Dodging        | |  2.4
Stealth        | |  1.2

Action                     |  1- 3 |  4- 6 || total
---------------------------+-------+-------++-------
   Fire: Shortbow          |   119 |    14 ||   133
    Use: Scroll            |     6 |       ||     6
         Potion            |       |     1 ||     1
 Armour: Leather armour    |    19 |       ||    19
         Scale mail        |     2 |    24 ||    26
  Dodge: Dodged            |    21 |     4 ||    25

Table legend:
 A = Non-vault XP
 B = Vault XP
 C = Vault XP percentage of total XP
 D = Non-vault monster count
 E = Vault monster count
 F = Vault count percentage of total count
                 A         B        C        D         E       F
            +---------+---------+-------+---------+---------+-------
      Total |     136 |       3 |   2.2 |      42 |       2 |   4.5
            +---------+---------+-------+---------+---------+-------
        D:1 |      18 |       0 |   0.0 |      12 |       0 |   0.0
        D:2 |      75 |       0 |   0.0 |      28 |       0 |   0.0
        D:3 |      43 |       3 |   6.5 |       2 |       2 |  50.0
            +---------+---------+-------+---------+---------+-------
